 Dungeon Crawl Stone Soup version 0.31-a0-240-gb923e448b6 (webtiles) character file.

Game seed: 954048035406597505

107 qw the Shooter (level 4, 0/26 HPs)
             Began as a Gargoyle Hexslinger on July 12, 2023.
             Slain by Sigmund
             ... wielding a +0 scythe
              (4 damage)
             ... on level 4 of the Dungeon.
             The game lasted 00:00:59 (2460 turns).

qw the Shooter (Gargoyle Hexslinger)                Turns: 2460, Time: 00:00:59

Health: 0/26       AC:  9    Str: 11    XL:     4   Next: 86%
Magic:  5/5        EV: 10    Int: 14    God:
Gold:   193        SH:  0    Dex: 14    Spells: 4/5 levels left

rFire   . . .        Y - +1 sling
rCold   . . .        (no shield)
rNeg    + + .        i - +0 ring mail
rPois   inf          d - +0 helmet
rElec   +            (no cloak)
rCorr   .            (no gloves)
SInv    .            (no boots)
Will    .....        (no amulet)
Stlth   +            f - ring of positive energy
HPRegen 0.24/turn    (no ring)
MPRegen 0.09/turn

%: no passive effects
@: no status effects
A: sickness immunity, AC +3, negative energy resistance 1, electricity
resistance, torment resistance 1, petrification resistance
a: no special abilities


You were on level 4 of the Dungeon.
You visited 1 branch of the dungeon, and saw 4 of its levels.

You collected 193 gold pieces.


Innate Abilities, Weirdness & Mutations

You are immune to sickness and miasma.
Your stone body is resilient. (AC +3)
You are immune to poison.
You resist negative energy. (rN+)
You are resistant to electric shocks. (rElec)
You are resistant to unholy torment.
You are immune to petrification.


   Skills:
 - Level 2.0 Fighting
 + Level 4.2 Ranged Weapons
 - Level 1.4 Armour
 - Level 1.5 Dodging
 - Level 1.0 Spellcasting
 - Level 2.6 Hexes


You had 4 spell levels left.
You knew the following spells:

 Your Spells              Type           Power      Damage    Failure   Level
a - Slow                  Hex            32%        N/A       21%         1

Your spell library contained the following spells:

 Spells                   Type           Power      Damage    Failure   Level
 Inner Flame              Hex/Fire       4%         N/A       71%         3
 Portal Projectile        Hex/Tloc       8%         N/A       71%         3
 Cause Fear               Hex            4%         N/A       90%         4

Inventory:

Hand Weapons
 Y - a +1 sling (weapon)
Armour
 d - a +0 helmet (worn)
 i - a +0 ring mail (worn)
Jewellery
 f - a ring of positive energy (left hand)
Scrolls
 a - a scroll of identify
 l - a scroll of teleportation
Potions
 b - a potion of cancellation {unknown}
 c - a potion of curing
 g - a potion of brilliance {unknown}
 h - a potion of mutation
 j - a potion of ambrosia {unknown}
 k - a potion of resistance {unknown}

Dungeon Overview and Level Annotations

Branches:
Dungeon (4/15)
 Temple: D:4-7

Altars:
Cheibriados

Annotations:
D:4 Sigmund


Message History

You now have 193 gold pieces (gained 14).
Sigmund the Dreaded comes into view.
He is wielding a +0 scythe.
You shoot a sling bullet. The sling bullet hits Sigmund.
Sigmund is moderately wounded.
A ball python comes into view.
You shoot a sling bullet. The sling bullet barely misses Sigmund.
The ball python hisses angrily.
You shoot a sling bullet. The sling bullet barely misses Sigmund.
Sigmund barely misses you.
You shoot a sling bullet.
The sling bullet closely misses Sigmund.
Sigmund mumbles some strange words.
Sigmund flickers and vanishes!
Deactivating autopickup; reactivate with Ctrl-A.
You shoot a sling bullet.
The sling bullet closely misses the ball python.
Something hits you but does no damage.
You shoot a sling bullet. The sling bullet hits the ball python!
You kill the ball python!
Something hits you.
You shoot a sling bullet. Something hits you!
You shoot a sling bullet. Something hits you.
You shoot a sling bullet. Something hits you.
You shoot a sling bullet. Something hits you!
You shoot a sling bullet. Something hits you but does no damage.
You shoot a sling bullet. You shoot a sling bullet.
Something hits you but does no damage.
You shoot a sling bullet. Something hits you but does no damage.
You shoot a sling bullet. Something hits you but does no damage.
You shoot a sling bullet. Something hits you.
You die...

... ...# .... ...# .
#..# .. ##{.## ..#
.###....## ##..##
.......@.##+##......
.............%......
...........#<.......
....................
..........##........
....................
........##..........
..?...... ..........
....... #..#.#....


There were no monsters in sight!

Vanquished Creatures
  3 adders
  A worm (D:3)
  3 dart slugs
  3 orcs (D:3)
  5 bats
  5 endoplasms
  4 giant cockroaches
  5 goblins
  3 hobgoblins
  6 jackals
  5 quokkas
  7 ball pythons
  3 frilled lizards
  6 kobolds
  4 rats
63 creatures vanquished.

Notes
Turn   | Place    | Note
-------+----------+-------------------------------------------
     0 | D:1      | qw the Gargoyle Hexslinger began the quest for the Orb.
     0 | D:1      | Reached XP level 1. HP: 12/12 MP: 2/2
     0 | D:1      | 0 ||| qw: Version: 0.3-a-52-g30416fa
     0 | D:1      | 0 ||| qw: Game counter: 6138
     0 | D:1      | 0 ||| qw: Melee chars always use a shield: true
     0 | D:1      | 0 ||| qw: God list: Okawaru
     0 | D:1      | 0 ||| qw: Allow faded altars: false
     0 | D:1      | 0 ||| qw: Do Orc after clearing Dungeon:15 true
     0 | D:1      | 0 ||| qw: Do second Lair branch before Depths: true
     0 | D:1      | 0 ||| qw: Lair rune preference: random
     0 | D:1      | 0 ||| qw: Goals: Normal
     0 | D:1      | 0 ||| PLANNING D:1-11
   149 | D:1      | Reached XP level 2. HP: 16/16 MP: 3/3
   194 | D:1      | Reached skill level 3 in Ranged Weapons
   510 | D:1      | Reached XP level 3. HP: 7/21 MP: 4/4
   622 | D:1      | 622 ||| UPGRADING to +0 helmet.
   627 | D:1      | 627 ||| UPGRADING to +0 ring mail.
   637 | D:1      | 637 ||| DROPPING +0 robe.
   638 | D:1      | 638 ||| UPGRADING to ring of positive energy.
   639 | D:1      | 639 ||| READING 3 scrolls labelled WEYJAN HOEMULOU.
   640 | D:1      | 640 ||| READING scroll labelled UQED TUAMMAYTT.
   641 | D:1      | 641 ||| READING scroll labelled ZASOPYASKE.
   642 | D:1      | 642 ||| READING scroll labelled RECSAS HOAKYF.
   647 | D:1      | 647 ||| DROPPING scroll of poison.
   866 | D:2      | Found a faded altar of an unknown god.
  1010 | D:2      | Found a snail-covered altar of Cheibriados.
  1064 | D:2      | Reached skill level 1 in Armour
  1471 | D:2      | 1471 ||| READING scroll labelled DIBUTY KUIZE.
  1472 | D:2      | 1472 ||| DRINKING 2 pink potions.
  1473 | D:2      | 1473 ||| DRINKING 2 fuming dark potions.
  1581 | D:2      | 1581 ||| READING 3 scrolls of identify.
  1581 | D:2      | 1581 ||| IDENTIFYING murky dark potion
  1582 | D:2      | 1582 ||| READING 2 scrolls of identify.
  1582 | D:2      | 1582 ||| IDENTIFYING fuming purple potion
  1583 | D:2      | 1583 ||| DROPPING potion of degeneration.
  1584 | D:2      | 1584 ||| DROPPING potion of berserk rage.
  1667 | D:3      | Reached XP level 4. HP: 15/26 MP: 5/5
  1678 | D:3      | 1678 ||| FLEEEEING.
  1679 | D:3      | 1679 ||| FLEEEEING.
  1680 | D:3      | 1680 ||| FLEEEEING.
  1681 | D:3      | 1681 ||| FLEEEEING.
  1682 | D:3      | 1682 ||| FLEEEEING.
  1683 | D:3      | 1683 ||| STAIRDANCE
  1841 | D:3      | Identified the +6 war axe "Amem" {vamp, rF- Int+5}
  2168 | D:3      | Reached skill level 4 in Ranged Weapons
  2407 | D:3      | 2407 ||| READING scroll labelled WUKLE APEUTISUSH.
  2444 | D:4      | Noticed Sigmund
  2454 | D:4      | HP: 2/26 [something (7)]
  2460 | D:4      | Slain by Sigmund

Levels and vault maps discovered:
D:1:      scummos_arrival_simple_crosswalls, layout_basic, minmay_tromino_v2
D:2:      layout_loops_ring, shapermc_ecumenical_altar_flowoftime, basic_altar
D:3:      layout_loops_ring, minmay_stone_trees_medium
D:4:      gammafunk_cloud_chamber, layout_cave_pools, serial_shops,
          nicolae_shop_hallway_plus, skrybe_limestone_x, dk_noncrumbling_4,
          uniq_duvessa, uniq_pikel, uniq_sigmund, uniq_natasha

Skill      XL: |  1  2  3  4 |
---------------+-------------+-----
Ranged Weapons | 3 4 |  4.2
Fighting       | 2 |  2.0
Armour         | 1 |  1.4
Dodging        | |  1.5
Spellcasting   | |  1.0
Hexes          | |  2.6

Action                     |  1- 3 |  4- 6 || total
---------------------------+-------+-------++-------
  Melee: Sling             |     3 |       ||     3
   Fire: Sling             |   117 |   103 ||   220
    Use: Scroll            |     7 |     1 ||     8
         Potion            |     2 |       ||     2
 Armour: Robe              |    22 |       ||    22
         Ring mail         |    22 |    39 ||    61
  Dodge: Dodged            |    77 |    32 ||   109

Table legend:
 A = Non-vault XP
 B = Vault XP
 C = Vault XP percentage of total XP
 D = Non-vault monster count
 E = Vault monster count
 F = Vault count percentage of total count
                 A         B        C        D         E       F
            +---------+---------+-------+---------+---------+-------
      Total |     150 |       4 |   2.6 |      61 |       2 |   3.2
            +---------+---------+-------+---------+---------+-------
        D:1 |      34 |       4 |  10.5 |      21 |       2 |   8.7
        D:2 |      34 |       0 |   0.0 |      11 |       0 |   0.0
        D:3 |      75 |       0 |   0.0 |      25 |       0 |   0.0
        D:4 |       7 |       0 |   0.0 |       4 |       0 |   0.0
            +---------+---------+-------+---------+---------+-------
